 Dungeon Crawl Stone Soup version 0.31-a0-851-g7ff8af7976 (webtiles) character file.

Game seed: 712631402052552062

354 Dirtsage the Ruffian (level 6, -2/57 HPs)
             Began as an Octopode Shapeshifter on Oct 7, 2023.
             Was an Initiate of Wu Jian.
             Slain by an ice beast (9 damage)
             ... on level 4 of the Dungeon.
             The game lasted 00:05:58 (2926 turns).

Dirtsage the Ruffian (Octopode Shapeshifter)        Turns: 2926, Time: 00:05:59

Health: -2/57      AC: 23    Str: 15    XL:     6   Next: 63%
Magic:  6/6        EV:  2    Int: 13    God:    Wu Jian [......]
Gold:   213        SH:  0    Dex: 11    Spells: 5/5 levels left

rFire   . .          .
                       - Unarmed
rCold   . . .        (no shield)
rNeg    . . .        (helmet currently unavailable)
rPois   +            (no amulet)
rElec   .            (no ring)
rCorr   .            (no ring)
SInv    .            (no ring)
Will    .....        (no ring)
Stlth   +            (no ring)
HPRegen 0.29/turn    (no ring)
MPRegen 0.10/turn    (no ring)
                     (no ring)

%: no passive effects
@: tree-form
A: stationary, stasis, torment immunity, boosted hp, almost no armour,
(amphibious), 8 rings, (camouflage 1), (gelatinous body 1), (nimble swimmer 1),
(tentacles)
a: Renounce Religion


You were on level 4 of the Dungeon.
You worshipped Wu Jian.
Wu Jian was noncommittal.
You were a tree.
You visited 2 branches of the dungeon, and saw 5 of its levels.

You collected 213 gold pieces.

Inventory:

Talismans
 b - a beast talisman
 c - a flux talisman
 f - a maw talisman
Scrolls
 e - a scroll of noise {unknown}
 j - a scroll of enchant armour {unknown}
 k - 4 scrolls of teleportation {unknown}
 l - a scroll of vulnerability {unknown}
Potions
 a - a potion of lignification
 d - 3 potions of invisibility {unknown}
 g - 2 potions of resistance {unknown}
 h - a potion of mutation {unknown}
 i - a potion of brilliance {unknown}


   Skills:
 + Level 1.4 Fighting
 - Level 2.0 Dodging
 * Level 5.7 Unarmed Combat
 * Level 4.8 Shapeshifting


You had 5 spell levels left.
You didn't know any spells.
Your spell library contained the following spells:

 Spells                   Type           Power      Damage    Failure   Level
 Slow                     Hex            0%         N/A       30%         1
 Confusing Touch          Hex            0%         N/A       67%         3
 Sigil of Binding         Hex            0%         N/A       67%         3
 Vampiric Draining        Necr           0%         2d6       67%         3


Dungeon Overview and Level Annotations

Branches:
Dungeon (4/15)             Temple (1/1) D:4

Altars:
Cheibriados
Dithmenos
Hepliaklqana
Kikubaaqudgha
Makhleb
Nemelex Xobeh
Okawaru
Ru
Wu Jian
Xom
Yredelemnul
Zin


Innate Abilities, Weirdness & Mutations

You are a tree.
Your roots penetrate the ground, keeping you stationary.
You cannot be teleported.
You are immune to unholy pain and torment.
Your maximum health is greatly increased.
You cannot wear most types of armour.
((You are amphibious.))
You can wear up to eight rings at the same time.
((Your skin changes colour to match your surroundings (Stealth+).))
((Your rubbery body absorbs attacks. (AC +1, EV +1)))
((You are camouflaged when in or above water. (Stealth+)))
((You have tentacles for arms and can constrict up to eight enemies at once.))


Message History

The goblin no longer looks unusually strong.
The goblin hits you with a +0 club.
You take 3 damage, and have 24/38 hp.
You bludgeon the goblin!
You kill the goblin!
The Council accepts your kill.
You bludgeon Robin! You grab Robin.
Robin is heavily wounded.
You constrict Robin. Robin hits you with a +0 dagger.
You take 3 damage, and have 21/38 hp.
You bludgeon Robin!
You kill Robin!
The Council accepts your kill.
Your transformation has ended.
You turn into a tree.
Your roots penetrate the ground.
The hobgoblin shouts!
You hear a shout!
The ice beast hits you. The ice beast freezes you!
You now have 25/57 hp.
You hit the ice beast.
The ice beast is lightly wounded.
The ice beast hits you. The ice beast freezes you!
* * * LOW HITPOINT WARNING * * *
You take 15 damage, and have 10/57 hp.
MASSIVE DAMAGE!!
You smack the ice beast!
The ice beast is severely wounded.
The goblin hits you but does no damage. The ice beast barely misses you.
You hit the ice beast but do no damage.
The ice beast is severely wounded.
The goblin hits you but does no damage.
The ice beast hits you but does no damage.
You hit the ice beast.
The ice beast is almost dead.
The ice beast hits you but does no damage.
The goblin hits you but does no damage.
You barely miss the ice beast.
The ice beast is almost dead.
The ice beast hits you.
* * * LOW HITPOINT WARNING * * *
The ice beast freezes you!
You die...

###...#........_^..#.##
.....##.......#g###Y..#
.#####............g...##
## ##..........†.....#
.## #....###g#####..##
..## ...#.#.....# ###
...###...# #.###g###
##.#....# .+.#>#Yg.#
#..†...##..#.#'#♣#.#
##.........#.....#.#
...........###'#####
....)............#
#...###........#.#
...>.##........###
.##............#
####...........# #
##.....#...##


You could see an ice beast, 2 hobgoblins and a goblin.

Vanquished Creatures
  A sky beast (D:3)
  A hound (D:4)
  A jelly (D:4)
  Robin (D:4)
  5 gnolls
  3 adders
  3 worms (D:3)
  4 dart slugs
  12 orcs
  10 bats
  5 endoplasms
  A giant cockroach (D:2)
  11 goblins
  4 hobgoblins
  2 jackals (D:2)
  3 quokkas
  10 ball pythons
  2 frilled lizards
  4 kobolds
  6 rats
89 creatures vanquished.

Notes
Turn   | Place    | Note
-------+----------+-------------------------------------------
     0 | D:1      | Dirtsage the Octopode Shapeshifter began the quest for the
                  | Orb.
     0 | D:1      | Reached XP level 1. HP: 13/13 MP: 1/1
    63 | D:1      | Reached XP level 2. HP: 18/18 MP: 2/2
   362 | D:1      | Reached skill level 4 in Unarmed Combat
   451 | D:2      | Reached XP level 3. HP: 23/23 MP: 3/3
  1042 | D:3      | Reached XP level 4. HP: 27/28 MP: 4/4
  1596 | D:3      | Reached XP level 5. HP: 28/33 MP: 5/5
  1830 | D:3      | Noticed a sky beast
  1845 | D:3      | Killed a sky beast
  1846 | D:3      | Reached skill level 5 in Unarmed Combat
  1846 | D:3      | Reached XP level 6. HP: 31/38 MP: 6/6
  2623 | D:4      | Noticed an ice beast
  2764 | D:4      | Found a staircase to the Ecumenical Temple.
  2770 | Temple   | Entered the Ecumenical Temple
  2812 | Temple   | Became a worshipper of the Wu Jian Council
  2865 | D:4      | Found a sparkling altar of Nemelex Xobeh.
  2894 | D:4      | Noticed Robin
  2920 | D:4      | Killed Robin
  2926 | D:4      | Slain by an ice beast

Illustrated notes

Levels and vault maps discovered:
D:1:      lemuel_arrival_room, layout_rooms
D:2:      layout_basic, grunt_ministairs_14, cheibrodos_gnoll_hut
D:3:      layout_loops_corners
D:4:      layout_cave_pools, lemuel_crystal_altar,
          minmay_temple_entry_glassed_door, gammafunk_ghost_smash, uniq_robin
Temple:   minmay_temple_curvy_loop

Skill      XL: |  1  2  3  4  5 |
---------------+----------------+-----
Unarmed Combat | 4 5 |  5.7
Shapeshifting  | 4 |  4.8
Fighting       | |  1.4
Dodging        | |  2.0

Action                     |  1- 3 |  4- 6 || total
---------------------------+-------+-------++-------
  Melee: Unarmed           |    68 |   121 ||   189
         Tentacles         |    11 |    22 ||    33
         Constrict         |    18 |    29 ||    47
         Punch             |       |     1 ||     1
Ability: Lunge             |       |     2 ||     2
    Use: Potion            |       |     2 ||     2
   Stab: Sleeping          |     3 |     5 ||     8
 Armour: Skin              |    28 |    65 ||    93
  Dodge: Dodged            |    42 |    50 ||    92

Table legend: (Time is in decaauts)
 A = Elapsed time spent in this place.
 B = Non-inter-level travel time spent in this place.
 C = Inter-level travel time spent in this place.
 D = Time resting spent in this place.
 E = Time spent auto-exploring this place.
 F = Levels seen in this place.
 G = Mean time per level.
                   A        B        C        D        E       F      G
               +--------+--------+--------+--------+--------+-----+--------+
         Total |   2909 |   2786 |    123 |    179 |   2070 |   5 |  581.8 |
       Dungeon |   2825 |   2783 |     42 |    179 |   2070 |   4 |  706.2 |
        Temple |     83 |      2 |     81 |      0 |      0 |   1 |   83.0 |
               +--------+--------+--------+--------+--------+-----+--------+

Top non-repeatable levels by time:
     D:3: 1130 daAuts
     D:2: 861 daAuts
     D:1: 418 daAuts
     D:4: 415 daAuts
  Temple: 83 daAuts
